 Dungeon Crawl Stone Soup version 0.30-a0-122-g2a1322497e (webtiles) character file.

Game seed: 14628107719347374671

160 Majang the Shooter (level 5, -1/31 HPs)
             Began as a Deep Elf Hunter on Sept 16, 2022.
             Slain by an ogre
             ... wielding a +0 giant club
              (32 damage)
             ... on level 4 of the Dungeon.
             The game lasted 00:12:16 (2682 turns).

Majang the Shooter (Deep Elf Hunter)                Turns: 2682, Time: 00:12:16

Health: -1/31      AC:  5    Str:  8    XL:     5   Next: 17%
Magic:  7/7        EV: 18    Int: 14    God:
Gold:   78         SH:  5    Dex: 26    Spells: 4/4 levels left

rFire   . . .      SeeInvis .    a - +0 shortbow
rCold   . . .      Faith    .    (shield currently unavailable)
rNeg    . . .      Spirit   .    v - +2 leather armour {Will+}
rPois   .          Reflect  +    (no helmet)
rElec   .          Harm     .    (no cloak)
rCorr   .          Rampage  .    (no gloves)
Will    +....                    (no boots)
Stlth   ++........               m - amulet of reflection
HPRegen 0.10/turn                g - +4 ring of evasion
MPRegen 0.10/turn                l - +6 ring of dexterity

@: no status effects
A: no striking features
a: no special abilities


You were on level 4 of the Dungeon.
You visited 1 branch of the dungeon, and saw 4 of its levels.

You collected 224 gold pieces.
You spent 146 gold pieces at shops.

Inventory:

Hand Weapons
 a - a +0 shortbow (weapon)
Armour
 c - a +0 leather armour
 v - a +2 leather armour of willpower (worn)
Magical Staves
 x - a staff of air
Jewellery
 g - a +4 ring of evasion (left hand)
 i - a ring of see invisible
 l - a +6 ring of dexterity (right hand)
 m - an amulet of reflection (around neck)
Wands
 t - a wand of iceblast (4)
Scrolls
 b - a scroll of immolation
 e - a scroll of teleportation {unknown}
 f - a scroll of summoning {unknown}
 h - 5 scrolls of vulnerability {unknown}
 j - 3 scrolls of identify
 n - a scroll of enchant weapon {unknown}
 o - a scroll of torment {unknown}
 p - 2 scrolls of poison {unknown}
 r - a scroll of magic mapping
 s - a scroll of noise {unknown}
Potions
 d - a potion of magic
 k - a potion of cancellation
 q - 3 potions of curing
 u - a potion of flight
 w - 2 potions of might


   Skills:
 + Level 2.5 Fighting
 * Level 6.7 Ranged Weapons
 + Level 1.5 Armour
 + Level 3.5 Dodging
 - Level 1.2 Stealth


You had 4 spell levels left.
You didn't know any spells.
Your spell library contained the following spells:

 Spells                   Type           Power      Damage    Failure   Level
 Necrotise                Necr           0%         1d4       38%         1
 Cigotuvi's Dreadful Rot  Necr/Pois/Air  0%         N/A       52%         2
 Poisonous Vapours        Pois/Air       0%         N/A       52%         2
 Scorch                   Fire           0%         2d5       52%         2
 Ignite Poison            Fire/Tmut/Pois 0%         N/A       77%         3
 Mephitic Cloud           Conj/Pois/Air  0%         N/A       77%         3
 Vampiric Draining        Necr           0%         2d6       77%         3
 Flame Wave               Conj/Fire      0%         2d4       99%         4
 Agony                    Necr           0%         N/A       100%        5
 Freezing Cloud           Conj/Ice/Air   0%         6-21      100%        5
 Summon Cactus Giant      Summ           0%         N/A       100%        6


Dungeon Overview and Level Annotations

Branches:
Dungeon (4/15)
 Temple: D:4-7

Altars:
Okawaru

Shops:
D:1 *   D:2 =   D:3 *


Message History

Done exploring.
Done exploring.
Done exploring.
(D) Dungeon
Where to? (Enter - D:3 @ (x,y), ? - help)
What level of the Dungeon? (default 1, ? - help)
You see here a giant cockroach corpse.
There is an entrance to Dellubukk's General Store here.
There is a stone staircase leading down here.
You climb downwards.
There is a stone staircase leading up here.
A kobold is nearby!
You shoot an arrow. The arrow hits the kobold.
You kill the kobold!
Okay, then.
Found a stone staircase leading up.
There is a stone staircase leading up here.
A quokka comes into view.
You shoot an arrow. The arrow hits the quokka.
You kill the quokka!
You hear a shout!
An endoplasm comes into view.
An iguana comes into view.
You shoot an arrow. The iguana hisses angrily.
The arrow hits the endoplasm!
You kill the endoplasm!
Found a scroll labelled ARRO ZOXZENN.
An ogre comes into view. It is wielding a +0 giant club.
Aiming: Iceblast
Press: ? - help, Shift-Dir - straight line, f - ogre
Aim: an ogre, wielding a +0 giant club The mass of ice explodes!
The iceblast engulfs the ogre!
The ogre is moderately wounded.
You hear an angry hiss.
You shoot an arrow. The arrow completely misses the ogre.
You shoot an arrow. The arrow hits the ogre!
The ogre is heavily wounded.
The ogre hits you with a +0 giant club!!
Ouch! That really hurt!
You die...

..#...
####..#...
.......?..
....... ......
.
#######†..##...
?......O.......
##@.# ##.#.#
##.###.. # ##.
##.## #....
.....##.## #..#
......l.<##
.#.#
.....####.##
..#.# ....
##.#.#.... ...
###......#


You could see an ogre and an iguana.

Vanquished Creatures
  Ijyb (D:3)
  5 adders
  3 worms
  A dart slug (D:1)
  5 orcs (D:3)
  6 ball pythons
  10 endoplasms
  2 giant cockroaches (D:3)
  6 goblins
  4 hobgoblins
  3 jackals (D:1)
  2 quokkas
  3 bats
  4 frilled lizards
  9 kobolds
  11 rats
75 creatures vanquished.

Vanquished Creatures (others)
  3 fungi (D:1)
  A plant (D:1)
  5 toadstools (D:1)
9 creatures vanquished.

Grand Total: 84 creatures vanquished

Notes
Turn   | Place    | Note
-------+----------+-------------------------------------------
     0 | D:1      | Majang the Deep Elf Hunter began the quest for the Orb.
     0 | D:1      | Reached XP level 1. HP: 12/12 MP: 3/3
   140 | D:1      | Reached XP level 2. HP: 17/17 MP: 4/4
   627 | D:1      | Found Dyak's General Store.
   667 | D:1      | Reached XP level 3. HP: 21/21 MP: 5/5
   904 | D:2      | Found a faded altar of an unknown god.
   949 | D:2      | Reached skill level 6 in Ranged Weapons
   949 | D:2      | Reached skill level 1 in Armour
  1191 | D:2      | Found an iron altar of Okawaru.
  1424 | D:2      | Reached XP level 4. HP: 26/26 MP: 6/6
  1548 | D:2      | Found Mingeom's Jewellery Emporium.
  1716 | D:1      | Bought a scroll of magic mapping for 90 gold pieces
  2010 | D:3      | Found Dellubukk's General Store.
  2016 | D:3      | Bought a scroll of identify for 28 gold pieces
  2032 | D:3      | Bought a scroll of identify for 28 gold pieces
  2082 | D:3      | Noticed Ijyb
  2098 | D:3      | Killed Ijyb
  2099 | D:3      | Reached XP level 5. HP: 19/31 MP: 7/7
  2679 | D:4      | Noticed an ogre
  2682 | D:4      | Slain by an ogre

Illustrated notes

Levels and vault maps discovered:
D:1:      reono_arrival_mine, layout_loops_ring, serial_shops, shop,
          chequers_big_river, nrook_campfire, minmay_gold_behind_fungi
D:2:      layout_loops_ring, serial_shops, shop, basic_ecumenical_altar,
          basic_altar, glass_columns_c, minmay_strange_pillars,
          lightli_corner_chamber
D:3:      layout_loops_cross, serial_shops, shop_statue, minmay_puff, uniq_ijyb
D:4:      layout_loops_ring, uniq_menkaure

Skill      XL: |  1  2  3 |
---------------+----------+-----
Fighting       | 2 |  2.5
Ranged Weapons | 6 |  6.7
Armour         | 1 |  1.5
Dodging        | 3 |  3.5
Stealth        | |  1.2

Action                   |  1- 3 |  4- 6 || total
-------------------------+-------+-------++-------
 Fire: Shortbow          |   106 |    89 ||   195
Evoke: Wand              |       |     1 ||     1
  Use: Scroll            |       |     5 ||     5
Armor: Leather armour    |     7 |     3 ||    10
Dodge: Dodged            |    29 |    26 ||    55
Block: Other             |     1 |     7 ||     8
       Reflection        |     1 |     2 ||     3

Table legend: (Time is in decaauts)
 A = Elapsed time spent in this place.
 B = Non-inter-level travel time spent in this place.
 C = Inter-level travel time spent in this place.
 D = Time resting spent in this place.
 E = Time spent auto-exploring this place.
 F = Levels seen in this place.
 G = Mean time per level.
                   A        B        C        D        E       F      G
               +--------+--------+--------+--------+--------+-----+--------+
         Total |   2737 |   2542 |    195 |    372 |   1604 |   4 |  684.2 |
       Dungeon |   2737 |   2542 |    195 |    372 |   1604 |   4 |  684.2 |
               +--------+--------+--------+--------+--------+-----+--------+

Top non-repeatable levels by time:
     D:3: 936 daAuts
     D:1: 927 daAuts
     D:2: 849 daAuts
     D:4: 24 daAuts
